AoeStats
← danisteven1440

Arabia

509782567Analyzed
3v3 RM · 3d ago on Sep 28, 2026· 27m 15s· 6 players
Game mode
Random Map
Map size
Normal (6 player)
Population
200
Speed
Normal
Resources
Standard
Victory
Conquest
Starting age
Dark Age
Ending age
Imperial Age
RankedLock teamsTeams togetherTeam positionsShared explorationLock speedFull tech treeHidden civsTurbo modeCheats
Victory
Defeat
🇨🇴 Spanish · Colombia
755
+14
🇨🇴 Romans · Colombia
749
+14
🇨🇴 Byzantines · Colombia
748
+14
🇨🇴 Celts · Colombia
758
-16
🇲🇽 Franks · Mexico
751
-16
🇨🇴 Khmer · Colombia
594
-10
amstek
4:02 Loom
10:46 Feudal Age
11:21 Double-Bit Axe
17:15 Scale Barding Armor
28:01 Castle Age
juandasotoguerrero
8:09 Loom
10:31 Feudal Age
10:59 Double-Bit Axe
13:54 Horse Collar
14:26 Man-at-Arms
16:35 Gold Mining
17:23 Wheelbarrow
17:29 Town Watch
23:00 Castle Age
21:21 Forging
21:03 Fletching
22:12 Padded Archer Armor
24:44 Bow Saw
24:43 Elite Skirmisher
25:12 Gambesons
24:49 Pikeman
26:34 Leather Archer Armor
26:54 Crossbowman
danisteven1440
20:54 Feudal Age
22:57 Town Watch
26:26 Gold Mining
JuanCamilo0911
17:07 Feudal Age
15:22 Loom
19:56 Man-at-Arms
23:44 Castle Age
25:22 Long Swordsman
Loudlobo
12:17 Feudal Age
12:09 Loom
13:48 Wheelbarrow
20:00 Castle Age
23:28 Stone Mining
23:26 Double-Bit Axe
23:23 Horse Collar
25:19 Bow Saw
26:22 Husbandry
25:47 Light Cavalry
betezo
0:57 Loom
12:49 Feudal Age
13:25 Double-Bit Axe
14:18 Wheelbarrow
13:29 Town Watch
19:48 Fletching
20:10 Forging
22:48 Scale Mail Armor
24:21 Man-at-Arms
Connection lost

Rejoining the realm…

Still unreachable

The connection could not be restored.

Session expired

The server has moved on; the page needs a fresh start.